 Dungeon Sprint DCSS version 0.22-a0-617-g6d95e9e (webtiles) character file.

169 Kidiri the Covert (level 5, -3/27 HPs)
             Began as a Spriggan Enchanter on July 13, 2018.
             Slain by a necrophage (6 damage)
             ... in the Dungeon (Sprint II: "The Violet Keep of Menkaure").
             The game lasted 00:01:24 (70 turns).

Kidiri the Covert (Spriggan Enchanter)                Turns: 70, Time: 00:01:25

Health: -3/27      AC:  2    Str:  4    XL:     5   Next: 25%
Magic:  9/14       EV: 23    Int: 16    God:
Gold:   0          SH:  0    Dex: 18    Spells: 15/16 levels left

rFire    . . .     SeeInvis +   a - +1 dagger
rCold    . . .     Gourm    .   (shield restricted)
rNeg     . . .     Faith    .   b - +0 robe
rPois    .         Spirit   .   (helmet restricted)
rElec    .         Reflect  .   (no cloak)
rCorr    .         Harm     .   (gloves unavailable)
MR       .....     NoTele   +   (boots unavailable)
Stlth    ++++......             (no amulet)
HPRegen  0.09/turn              (no ring)
MPRegen  0.14/turn              (no ring)

@: berserk cooldown, slowed, quick
A: very small, unfitting armour, see invisible, herbivore, speed 3, slow
metabolism 2
a: no special abilities


You were in the Dungeon.
You were not hungry.

You visited 1 branch

Inventory:

Hand Weapons
 a - a +1 dagger (weapon)
Armour
 b - a +0 robe (worn)
Scrolls
 j - a scroll of blinking
Potions
 f - a potion of heal wounds
 g - a potion of haste
 h - 2 potions of magic
Comestibles
 d - a ration


   Skills:
 + Level 2.3 Fighting
 * Level 5.0 Short Blades
 + Level 2.1 Armour
 * Level 7.1 Dodging
 * Level 8.3 Stealth
 * Level 6.0 Spellcasting
 + Level 5.3 Hexes


You had 15 spell levels left.
You knew the following spells:

 Your Spells              Type           Power        Failure   Level  Hunger
a - Corona                Hex            ###....      1%          1    None

Your spell library contained the following spells:

 Spells                   Type           Power        Failure   Level  Hunger
 Confuse                  Hex            ###.....     4%          3    ##.....
 Tukima's Dance           Hex            ###.....     4%          3    ##.....
 Ensorcelled Hibernation  Hex/Ice        ##....       7%          2    #......
 Dazzling Spray           Conj/Hex       ##....       14%         3    ##.....


Dungeon Overview and Level Annotations

Branches:
Dungeon (1/1)

Altars:


Innate Abilities, Weirdness & Mutations

You are very small and have problems with some larger weapons.
You are too small for most types of armour.
You have supernaturally acute eyesight. (SInv)
You are a herbivore.
You cover ground extremely quickly.
You need to consume almost no food.


Message History

You hit the necrophage.
The necrophage is severely damaged.
The necrophage completely misses you.
You hit the necrophage but do no damage.
The necrophage is severely damaged.
The necrophage misses you.
You barely miss the necrophage.
The necrophage is severely damaged.
The necrophage hits you.
Casting: Corona (safe; 1% risk of failure)
Confirm with . or Enter, or press ? or * to list all spells.
Aiming: Corona (safe; 1% risk of failure)
Press: ? - help, Shift-Dir - straight line, f/p - necrophage
Aim: a necrophage (severely damaged, chance to defeat MR: 42%)
The necrophage is outlined in light.
The necrophage hits you.
* * * LOW HITPOINT WARNING * * *
You hit the necrophage.
The necrophage is severely damaged.
The necrophage hits you.
You die...

## ## #.#
#.# # #H#H#
# #3 #+#
.##
#.##.##...#
#+.<@nn#
###.##...#
#+# .## ...
# .m#.. ##.
.## ## ##


You could see 2 necrophages.

Vanquished Creatures
  2 necrophages (D)
2 creatures vanquished.

Vanquished Creatures (others)
  Menkaure (D)
  A crocodile (D)
2 creatures vanquished.

Grand Total: 4 creatures vanquished

Notes
Turn   | Place    | Note
-------+----------+-------------------------------------------
     0 | D        | Kidiri the Spriggan Enchanter began the quest for the Orb.
     0 | D        | Reached XP level 1. HP: 9/9 MP: 5/5
     1 | D        | Noticed a hippogriff
     1 | D        | Noticed a hippogriff
     4 | D        | Noticed a neqoxec
     7 | D        | Noticed a merfolk siren
    11 | D        | Noticed a necrophage
    11 | D        | Noticed a necrophage
    11 | D        | Noticed a necrophage
    11 | D        | Noticed a necrophage
    11 | D        | Killed Menkaure
    23 | D        | Killed a crocodile
    34 | D        | Killed a necrophage
    34 | D        | Reached skill level 1 in Fighting
    34 | D        | Reached skill level 1 in Armour
    34 | D        | Reached skill level 5 in Dodging
    34 | D        | Reached skill level 7 in Stealth
    34 | D        | Reached skill level 5 in Spellcasting
    34 | D        | Reached XP level 2. HP: 15/15 MP: 5/9
    34 | D        | Reached XP level 3. HP: 18/18 MP: 5/10
    34 | D        | Reached XP level 4. HP: 23/23 MP: 6/12
    46 | D        | Killed a necrophage
    46 | D        | Reached skill level 5 in Short Blades
    46 | D        | Reached skill level 8 in Stealth
    46 | D        | Reached skill level 5 in Hexes
    46 | D        | Reached XP level 5. HP: 27/27 MP: 7/14
    70 | D        | Slain by a necrophage

Vault maps used:
D:        the_violet_keep_of_menkaure

Skill      XL: |  1  2  3  4 |
---------------+-------------+-----
Fighting       | 1 2 |  2.3
Short Blades   | 3 5 |  5.0
Armour         | 1 2 |  2.1
Dodging        | 5 7 |  7.1
Stealth        | 7 8 |  8.3
Spellcasting   | 5 6 |  6.0
Hexes          | 4 5 |  5.3

Action                   |  1- 3 |  4- 6 || total
-------------------------+-------+-------++-------
Melee: Dagger            |    13 |    28 ||    41
 Cast: Corona            |     1 |     2 ||     3
  Use: Potion            |     1 |     1 ||     2
Armor: Robe              |     2 |     1 ||     3
Dodge: Dodged            |     6 |    24 ||    30

Table legend:
 A = Spawn XP
 B = Non-spawn XP
 C = Spawn XP percentage of total XP
 D = Spawn monster count
 E = Non-spawn monster count
 F = Spawn count percentage of total count
 G = Total turns spent on level
                    A         B        C        D         E        F      G
               +---------+---------+-------+---------+---------+-------+---------
         Total |       0 |     242 |   0.0 |       0 |       2 |   0.0 |    70
               +---------+---------+-------+---------+---------+-------+---------
             D |       0 |     242 |   0.0 |       0 |       2 |   0.0 |    70
               +---------+---------+-------+---------+---------+-------+---------
